 Dungeon Crawl Stone Soup version 0.31-a0-716-gc7603755dd (webtiles) character file.

Game seed: 4285722497565319256

19678 Bnni the Impaler (level 13, -3/111 HPs)
             Began as a Formicid Fighter on Sept 10, 2023.
             Was an Initiate of Yredelemnul.
             Succumbed to a skeletal warrior's poison
             ... on level 12 of the Dungeon.
             The game lasted 00:32:43 (13787 turns).

Bnni the Impaler (Formicid Fighter)                Turns: 13787, Time: 00:32:45

Health: -3/111     AC: 13    Str: 24    XL:     13   Next: 6%
Magic:  17/20      EV:  8    Int: 10    God:    Yredelemnul [......]
Gold:   949        SH:  5    Dex: 13    Spells: 12/12 levels left

rFire   . . .        H - +3 trident (drain)
rCold   + + .        d - +0 buckler {rC+}
rNeg    + . .        u - +2 chain mail {rC+}
rPois   .            (helmet unavailable)
rElec   .            y - +0 cloak {rCorr}
rCorr   +            (no gloves)
SInv    +            j - +0 pair of boots
Will    +....        J - amulet of regeneration Stlth
                     M - ring of positive energy
HPRegen 1.18/turn    E - ring of resist corrosion
MPRegen 0.17/turn

%: no passive effects
@: lethally poisoned (-3 -> -19)
A: permanent stasis, dig shafts and tunnels, antennae 3, four strong arms
a: Dig, Shaft Self, Renounce Religion, Recall Undead Harvest


You were on level 12 of the Dungeon.
You worshipped Yredelemnul.
Yredelemnul was aware of your devotion.
You visited 2 branches of the dungeon, and saw 13 of its levels.
You also visited: Ossuary and Ice Cave.

You collected 949 gold pieces.

Inventory:

Hand Weapons
 a - a -1 spear of venom
 H - a +3 trident of draining (weapon)
 K - a +2 scimitar of flaming
Missiles
 k - 17 poisoned darts
 C - 7 boomerangs
Armour
 d - a +0 buckler of cold resistance (worn)
 j - a +0 pair of boots (worn)
 u - a +2 chain mail of cold resistance (worn)
 y - a +0 cloak of preservation (worn)
 I - the +2 ring mail of Toosmoeb {rPois rCorr Int-5}
   (You found it on level 9 of the Dungeon)

   Int-5:     It affects your intelligence (-5).
   rPois:     It protects you from poison rCorr: It protects you from acid and
   corrosion.
Jewellery
 E - a ring of resist corrosion (right hand)
 J - an amulet of regeneration (around neck)
 M - a ring of positive energy (left hand)
Wands
 i - a wand of acid (9)
 l - a wand of roots (1)
 O - a wand of flame (14)
Scrolls
 e - 5 scrolls of amnesia
 g - a scroll of enchant weapon {unknown}
 h - 2 scrolls of torment {unknown}
 n - 2 scrolls of revelation {unknown}
 o - 2 scrolls of summoning {unknown}
 r - 2 scrolls of enchant armour {unknown}
 t - a scroll of vulnerability {unknown}
 D - a scroll of silence {unknown}
 G - 2 scrolls of fog
 N - a scroll of poison {unknown}
Potions
 b - 2 potions of attraction {unknown}
 p - 2 potions of mutation {unknown}
 s - 5 potions of curing
 v - 2 potions of magic
 w - 2 potions of brilliance {unknown}
 x - a potion of enlightenment {unknown}
 A - 2 potions of ambrosia {unknown}
 B - a potion of lignification {unknown}
 F - a potion of cancellation {unknown}
Miscellaneous
 z - a phial of floods


   Skills:
 + Level 13.0 Fighting
 * Level 15.2 Polearms
 - Level 3.2 Armour
 - Level 5.0 Shields
 * Level 9.3 Invocations


You had 12 spell levels left.
You didn't know any spells.
Your spell library contained the following spells:

 Spells                   Type           Power      Damage    Failure   Level
 Foxfire                  Conj/Fire      0%         2x1d4     95%         1
 Sting                    Tmut/Pois      0%         1d3       95%         1
 Summon Small Mammal      Summ           0%         N/A       95%         1
 Poisonous Vapours        Pois/Air       0%         N/A       98%         2
 Call Canine Familiar     Summ           0%         N/A       100%        3
 Summon Guardian Golem    Hex/Summ       0%         N/A       100%        3
 Olgreb's Toxic Radiance  Pois           0%         N/A       100%        4
 Plasma Beam              Fire/Air       0%         2x1d10    100%        6
 Starburst                Conj/Fire      0%         6d3       100%        6


Dungeon Overview and Level Annotations

Branches:
Dungeon (12/15)            Temple (1/1) D:7            Lair (0/5) D:11
    Orc (0/2) D:10        Ossuary (visited)           IceCv (visited)

Altars:
Ashenzari
Cheibriados
Dithmenos
Elyvilon
Fedhas
Gozag
Hepliaklqana
Kikubaaqudgha
Makhleb
Nemelex Xobeh
Okawaru
Qazlal
Ru
Sif Muna
Trog
Uskayaw
Vehumet
Wu Jian
Xom
Yredelemnul
Zin
The Shining One


Innate Abilities, Weirdness & Mutations

You cannot be hasted, slowed, berserked, paralysed or teleported.
You can dig through walls and to a lower floor.
You have a pair of large antennae on your head. (SInv)
Your four strong arms can wield two-handed weapons with a shield.


Message History

You hit the yaktaur but do no damage. You drain the yaktaur.
The yaktaur is lightly wounded.
The yaktaur barely misses you.
You hit the yaktaur.
The yaktaur is lightly wounded.
The tengu warrior blocks your bog body's attack.
The tengu warrior hits your bog body with a +0 war axe.
The tengu warrior hits you but does no damage.
The tengu warrior pecks your bog body. The tengu warrior claws your bog body.
The skeletal warrior hits you from afar with a +0 trident of venom.
You are poisoned.
You puncture the yaktaur! You drain the yaktaur.
The yaktaur is heavily wounded.
You feel very sick. You block the yaktaur's attack.
Unknown command.
You puncture the yaktaur!
The yaktaur is almost dead.
You feel sick.
Your bog body closely misses the tengu warrior.
The skeletal warrior hits you from afar with a +0 trident of venom!
You are more poisoned.
The yaktaur hits you with a +0 great mace!
Okay, then.
Okay, then.
You feel extremely sick.
The tengu warrior hits you but does no damage.
The tengu warrior hits your bog body with a +0 war axe.
The tengu warrior pecks you. You block the tengu warrior's attack.
Your bog body touches the tengu warrior!
Your bog body freezes the tengu warrior!!
The skeletal warrior hits you from afar with a +0 trident of venom!
* * * LOW HITPOINT WARNING * * *
The skeletal warrior hits you from afar with a +0 glaive!!
* * * LOW HITPOINT WARNING * * *
The yaktaur hits you with a +0 great mace.
* * * LOW HITPOINT WARNING * * *
You begin to dig a shaft.
You continue digging a shaft.
You die...
Your body rises from the dead as a mindless zombie.

#..............t
##..###.....##### .....
.#...##......## ....
.#....#[......## ...
.##............## ..
.#......###.....##.##
...##....##.....n#..##
#.####....#.....)Q$[.#...
..>###..........@cz[.....
#...........######zC#####
#...#####....# {..# #...#
##....# {...# ##+##
##....# .....# ##....#
......# .....#.......
#... ##........C.. #..#
#...)


You could see an ettin, 2 skeletal warriors, a tengu warrior (slow, ally target,
reflecting), a yaktaur (drained) and a friendly bog body (summoned).

Vanquished Creatures
  4 two-headed ogres
  A two-headed ogre (shapeshifter) (D:12)
  Erica (D:10)
  A boulder beetle (D:12)
  A tengu warrior (D:12)
  Nergalle (D:10)
  2 bog bodies (IceCv)
  An orc knight (D:12)
  2 cyclopes (D:12)
  An ugly thing (D:12)
  An ice statue (IceCv)
  Maggie (D:7)
  An unseen horror (D:11)
  A gargoyle (D:12)
  A komodo dragon (D:10)
  Jeremiah (D:8)
  Psyche (D:11)
  A freezing wraith (IceCv)
  A troll (D:12)
  A hornet (D:9)
  A dire elephant simulacrum (IceCv)
  A vampire (D:12)
  3 wyverns
  A wraith (D:9)
  8 yaks (D:10)
  2 steam dragons
  3 death yak simulacra (IceCv)
  2 vampire mosquitoes (D:11)
  Edmund (D:4)
  Menkaure (D:4)
  An acid dragon (D:11)
  A water moccasin (D:5)
  3 orc warriors
  2 ice beasts (D:6)
  2 black bears
  2 wolves
  3 centaurs
  3 ogres
  2 scorpions
  3 bullfrogs
  3 cane toad simulacra (IceCv)
  A gnoll sergeant (D:9)
  2 two-headed ogre simulacra (IceCv)
  3 water moccasin zombies (Ossuary)
  6 wights
  3 elephant simulacra (IceCv)
  5 killer bees (D:11)
  7 howler monkeys
  A gnoll bouda (D:4)
  A hound (D:5)
  2 jellies
  7 orc priests
  A sleepcap (D:5)
  An iguana (D:5)
  13 orc wizards
  4 polar bear simulacra (IceCv)
  Natasha (thrice) (D:4)
  4 spriggan simulacra (IceCv)
  Terence (D:2)
  7 troll simulacra (IceCv)
  A wolf simulacrum (IceCv)
  2 mummies (Ossuary)
  10 gnolls
  2 adders
  4 naga simulacra (IceCv)
  A shadow imp (D:7)
  10 white imps
  6 ufetubi
  3 adder zombies (Ossuary)
  4 dart slugs
  30 orcs
  7 ball pythons
  6 endoplasms
  2 giant cockroaches
  2 gnoll zombies (Ossuary)
  A goblin (D:1)
  4 hobgoblins
  8 jackals
  15 kobolds
  4 bats
  A frilled lizard (D:2)
  4 hobgoblin zombies (Ossuary)
  7 kobold zombies (Ossuary)
  7 orc zombies (Ossuary)
  5 rats
291 creatures vanquished.

Vanquished Creatures (collateral kills)
  A two-headed ogre (D:8)
  2 ice devils (D:12)
  A yak (D:10)
  Grum (D:8)
  A vampire mosquito (D:11)
  A kobold brigand (D:10)
  A killer bee (D:11)
  A howler monkey (D:9)
  A spriggan simulacrum (IceCv)
  An ufetubus (IceCv)
11 creatures vanquished.

Vanquished Creatures (others)
  A killer bee zombie (D:11)
  A howler monkey zombie (D:10)
  A steam dragon zombie (D:8)
  6 spectral white imps (IceCv)
  An orc zombie (D:8)
  3 spectral ufetubi (IceCv)
13 creatures vanquished.

Grand Total: 315 creatures vanquished

Notes
Turn   | Place    | Note
-------+----------+-------------------------------------------
     0 | D:1      | Bnni the Formicid Fighter began the quest for the Orb.
     0 | D:1      | Reached XP level 1. HP: 18/18 MP: 1/1
    57 | D:1      | Reached XP level 2. HP: 24/24 MP: 2/2
   786 | D:2      | Reached XP level 3. HP: 29/29 MP: 3/3
   786 | D:2      | Noticed Terence
   799 | D:2      | HP: 1/29 [Terence/+0 morningstar (2)]
   800 | D:2      | Killed Terence
   962 | D:2      | Reached XP level 4. HP: 35/37 MP: 4/4
  1046 | D:2      | Reached skill level 3 in Polearms
  1109 | D:2      | Reached skill level 5 in Shields
  1464 | D:3      | Noticed a black bear
  1474 | D:3      | Killed a black bear
  1475 | D:3      | Reached skill level 4 in Polearms
  1475 | D:3      | Reached XP level 5. HP: 36/42 MP: 5/5
  1719 | D:3      | Reached XP level 6. HP: 30/49 MP: 6/6
  2216 | D:4      | Noticed Edmund
  2253 | D:4      | Found a glowing golden altar of the Shining One.
  2286 | D:4      | Killed Edmund
  2287 | D:4      | Reached skill level 5 in Fighting
  2287 | D:4      | Reached skill level 5 in Polearms
  2287 | D:4      | Reached XP level 7. HP: 31/56 MP: 7/7
  2562 | D:4      | Noticed Natasha
  2578 | D:4      | Killed Natasha
  2842 | D:4      | Reached skill level 6 in Polearms
  2974 | D:4      | Noticed Natasha
  2984 | D:4      | Killed Natasha
  3030 | D:4      | Noticed Natasha
  3048 | D:4      | Killed Natasha
  3072 | D:4      | Noticed Menkaure
  3088 | D:4      | Killed Menkaure
  3089 | D:4      | Reached XP level 8. HP: 23/64 MP: 8/8
  3297 | D:4      | Found an ancient bone altar of Kikubaaqudgha.
  3536 | D:5      | Entered Level 5 of the Dungeon
  3653 | D:5      | Reached skill level 7 in Polearms
  3771 | D:5      | Found a sand-covered staircase.
  3777 | Ossuary  | Entered an ossuary
  4018 | D:5      | Reached skill level 8 in Polearms
  4246 | D:5      | Reached XP level 9. HP: 63/71 MP: 9/9
  4827 | D:5      | Reached skill level 9 in Polearms
  5035 | D:6      | Found an ancient bone altar of Kikubaaqudgha.
  5181 | D:6      | Found a bloodstained altar of Trog.
  5364 | D:5      | Reached skill level 10 in Polearms
  6220 | D:7      | Reached XP level 10. HP: 81/82 MP: 10/10
  6314 | D:7      | Reached skill level 11 in Polearms
  6468 | D:7      | Noticed Maggie
  6705 | D:7      | Found a staircase to the Ecumenical Temple.
  6725 | D:7      | Killed Maggie
  6762 | Temple   | Entered the Ecumenical Temple
  6769 | Temple   | Became a worshipper of Yredelemnul the Dark
  7813 | D:8      | Found a glowing silver altar of Zin.
  7816 | D:8      | Noticed a two-headed ogre
  7822 | D:8      | Killed a two-headed ogre
  7823 | D:8      | Reached skill level 12 in Polearms
  7881 | D:8      | Reached skill level 10 in Fighting
  7961 | D:8      | Noticed Grum
  7961 | D:8      | Noticed Jeremiah
  8187 | D:8      | Killed Jeremiah
  8188 | D:8      | Reached * piety under Yredelemnul
  8251 | D:8      | Killed Grum
  8509 | D:8      | Noticed a two-headed ogre
  8527 | D:8      | Killed a two-headed ogre
  8527 | D:8      | Reached ** piety under Yredelemnul
  8528 | D:8      | Reached XP level 11. HP: 79/92 MP: 11/11
  8591 | D:8      | Found an ornate altar of the Wu Jian Council.
  8591 | D:8      | Found a hazy altar of Hepliaklqana.
  8591 | D:8      | Found a hide-covered altar of Uskayaw.
  8890 | D:8      | Reached *** piety under Yredelemnul
  9051 | D:9      | Reached skill level 13 in Polearms
  9217 | D:9      | Found a sacrificial altar of Ru.
  9539 | D:9      | Found a radiant altar of Vehumet.
  9632 | D:9      | Identified the +2 ring mail of Toosmoeb {rPois rCorr Int-5}
  9762 | D:9      | Reached **** piety under Yredelemnul
  9935 | D:9      | Noticed a two-headed ogre
  9943 | D:9      | Killed a two-headed ogre
  9961 | D:9      | Reached ***** piety under Yredelemnul
 10057 | D:10     | Entered Level 10 of the Dungeon
 10057 | D:10     | Found a staircase to the Orcish Mines.
 10265 | D:10     | Noticed Nergalle
 10274 | D:10     | Killed Nergalle
 10397 | D:10     | Reached skill level 14 in Polearms
 10528 | D:10     | Noticed Erica
 10545 | D:10     | Killed Erica
 10545 | D:10     | Reached ****** piety under Yredelemnul
 10546 | D:10     | Reached skill level 1 in Invocations
 10888 | D:11     | Noticed a two-headed ogre
 10897 | D:11     | Killed a two-headed ogre
 10949 | D:11     | Found a staircase to the Lair.
 11005 | D:11     | Reached XP level 12. HP: 76/102 MP: 14/14
 11273 | D:11     | Noticed Psyche
 11277 | D:11     | Killed Psyche
 11503 | D:12     | Reached skill level 5 in Invocations
 11523 | D:12     | Found a snail-covered altar of Cheibriados.
 11580 | D:12     | Noticed a boulder beetle
 11591 | D:12     | Killed a boulder beetle
 11660 | D:12     | Found a frozen archway.
 11751 | IceCv    | Entered an ice cave
 12935 | IceCv    | Reached skill level 15 in Polearms
 13176 | IceCv    | Identified the +1 great sword of Demonkind {protect, rN+
                  | MP+9 Str+4 Int+2}
 13284 | D:12     | Noticed a tengu warrior
 13292 | D:12     | Killed a tengu warrior
 13293 | D:12     | Noticed an ettin
 13295 | D:12     | Noticed a tengu warrior
 13299 | D:12     | Noticed a sea snake
 13300 | D:12     | a sea snake changed into a snapping turtle
 13471 | D:12     | an elephant changed into a two-headed ogre
 13471 | D:12     | Noticed a two-headed ogre (glowing shapeshifter)
 13479 | D:12     | Killed a two-headed ogre
 13618 | D:12     | Noticed a two-headed ogre
 13631 | D:12     | Killed a two-headed ogre
 13632 | D:12     | Reached XP level 13. HP: 109/109 MP: 19/19
 13786 | D:12     | HP: 4/111 [skeletal warrior/+0 glaive (19)]
 13786 | D:12     | HP: 1/111 [yaktaur/+0 great mace (3)]
 13787 | D:12     | Succumbed to a skeletal warrior's poison

Illustrated notes

Levels and vault maps discovered:
D:1:      evilmike_arrival_rings, layout_basic
D:2:      layout_rooms, uniq_terence
D:3:      layout_basic
D:4:      layout_layer_cave, old_standard_altar, general_overflow_altar,
          grunt_ministairs_9, uniq_edmund, uniq_menkaure, uniq_natasha
D:5:      layout_basic, nicolae_ossuary_entry_plus
D:6:      layout_cave_pools, lemuel_round_altar, serial_park,
          serial_park_tiny_1, serial_park_square1 [serial_park_minivault_5x5_4],
          serial_park_avenue1, serial_park_square3 [serial_park_minivault_5x5_6]
D:7:      layout_basic, serial_glass, glass_columns_c, glass_columns_a,
          uniq_maggie
D:8:      layout_basic, mainiacjoe_overflow_chevrons,
          gammafunk_temple_overflow_forgotten, uniq_grum, uniq_jeremiah
D:9:      layout_basic, amcnicky_altar_gilded, mainiacjoe_overflow_catwalk,
          chequers_serial_rivers_large_b
D:10:     layout_long_grid, uniq_erica, uniq_nergalle
D:11:     layout_loops_ring, lair_entry_dummy, uniq_psyche
D:12:     minmay_outward_triangles, layout_basic, portal_ice_cave_demonic_guard,
          kennysheep_slug_shrine
Temple:   cyrus_circular_temple

Skill      XL: |  1  2  3  4  5  6  7  8  9 10 11 12 13 |
---------------+----------------------------------------+-----
Polearms       | 4 5 6 8 10 12 14 15 | 15.2
Shields        | 5 |  5.0
Fighting       | 4 5 6 7 8 10 11 12 13 | 13.0
Invocations    | 3 9 |  9.3
Armour         | |  3.2

Action                     |  1- 3 |  4- 6 |  7- 9 | 10-12 | 13-15 || total
---------------------------+-------+-------+-------+-------+-------++-------
  Melee: Trident           |    57 |    93 |    81 |   504 |    30 ||   765
         Halberd           |       |       |   333 |   128 |       ||   461
         Short sword       |       |       |       |     9 |       ||     9
  Throw: Dart              |       |    12 |    13 |    20 |       ||    45
 Invoke: Recall Undead Har |       |       |       |     2 |     1 ||     3
         Dark Bargain      |       |       |       |       |     1 ||     1
Ability: Dig               |       |       |     2 |     5 |       ||     7
         Shaft Self        |       |       |       |       |     1 ||     1
  Evoke: Phial of floods   |       |       |       |     1 |       ||     1
         Wand              |       |       |       |     2 |       ||     2
    Use: Potion            |     1 |       |     3 |     3 |       ||     7
         Scroll            |       |       |     1 |     8 |       ||     9
   Stab: Distracted        |       |       |       |     2 |       ||     2
 Armour: Scale mail        |    24 |       |       |    39 |       ||    63
         Chain mail        |     2 |       |       |    51 |    23 ||    76
         Plate armour      |       |    65 |   386 |    56 |       ||   507
         Swamp dragon scal |       |       |       |    75 |       ||    75
         Ring mail         |       |       |       |    99 |       ||    99
  Dodge: Dodged            |    25 |    21 |   107 |   168 |     6 ||   327
  Block: Buckler           |    11 |    14 |    80 |    80 |     7 ||   192

Table legend: (Time is in decaauts)
 A = Elapsed time spent in this place.
 B = Non-inter-level travel time spent in this place.
 C = Inter-level travel time spent in this place.
 D = Time resting spent in this place.
 E = Time spent auto-exploring this place.
 F = Levels seen in this place.
 G = Mean time per level.
                   A        B        C        D        E       F      G
               +--------+--------+--------+--------+--------+-----+--------+
         Total |  13686 |  13277 |    409 |   2177 |   8036 |  15 |  912.4 |
       Dungeon |  12010 |  11607 |    403 |   1312 |   7815 |  12 | 1000.8 |
        Temple |     14 |      8 |      6 |      0 |      0 |   1 |   14.0 |
       Ossuary |    238 |    238 |      0 |      0 |     73 |   1 |  238.0 |
      Ice Cave |   1422 |   1422 |      0 |    865 |    148 |   1 | 1422.0 |
               +--------+--------+--------+--------+--------+-----+--------+

Top non-repeatable levels by time:
     D:4: 1501 daAuts
     D:7: 1437 daAuts
   IceCv: 1422 daAuts
     D:6: 1218 daAuts
     D:5: 1188 daAuts
     D:9: 1161 daAuts
     D:8: 1127 daAuts
     D:3: 799 daAuts
    D:11: 789 daAuts
     D:1: 728 daAuts
     D:2: 700 daAuts
    D:12: 680 daAuts
    D:10: 678 daAuts
 Ossuary: 238 daAuts
  Temple: 14 daAuts
